[Event "Match/Team URS-World 20,5-19,5"]
[Site "Belgrade"]
[Date "1970.04.02"]
[Round "3.3"]
[White "Kortschnoj, Viktor Lvovich"]
[Black "Portisch, Lajos"]
[Result "0-1"]
[ECO "C90"]
[WhiteElo "2670"]
[BlackElo "2630"]
[Annotator "Kortchnoi/Portisch"]
[PlyCount "126"]
[EventDate "1970.03.29"]
[EventType "team"]
[EventRounds "4"]
[EventCountry "YUG"]
[SourceTitle "MCL"]
[Source "ChessBase"]
[SourceDate "1999.07.01"]
[SourceVersion "1"]
[SourceVersionDate "1999.07.01"]
[SourceQuality "1"]
[WhiteTeam "Soviet Union"]
[BlackTeam "World"]
[WhiteTeamCountry "URS"]
[TimeControl "40/9000:16/5400:0"]

1. e4 e5 2. Nf3 Nc6 3. Bb5 a6 4. Ba4 Nf6 5. O-O Be7 6. Re1 b5 7. Bb3 d6 8. h3
$6 {Kortschnoj=:K/Portisch=:P} Na5 9. Nc3 (9. c3 Nxb3 10. Qxb3 Bb7 11. d3 O-O
12. Nbd2 Nd7 13. d4 c5 14. dxe5 dxe5 15. c4 Qc7 16. Qc2 Nb8 17. b3 Nc6 18. Bb2
Nd4 19. Nxd4 cxd4 20. a3 Rfc8 21. Qd3 Bg5 22. Rac1 Qa5 23. Re2 Rc7 24. Rc2 Rac8
25. c5 b4 26. Nc4 Qxc5 27. axb4 Qxb4 28. Ba3 Qb5 29. Qf3 Rd8 30. Nd6 Qd7 31.
Rc4 Rxc4 32. bxc4 Bc6 33. Rb2 Bc1 34. Rb6 Bxa3 35. Qxa3 Qc7 36. Qc5 Rxd6 37.
Rxa6 h6 38. Qxe5 d3 {Yanofsky,D-Szabo,L Groningen 1946 0-1}) 9... O-O 10. d3
Re8 $146 (10... c6 11. Ne2 Kh8 12. Ng3 Ng8 13. d4 exd4 14. Nxd4 g6 15. c3 Bb7
16. Bc2 Bf6 17. Nf3 Re8 18. h4 Nc4 19. Ng5 Nh6 20. Nh5 gxh5 21. Qxh5 Bg7 22. e5
f5 23. Nxh7 Re6 24. Nf6 Rxf6 25. exf6 Qxf6 26. Bg5 Qf7 27. Qxf7 Nxf7 28. Re7
Nxg5 29. hxg5 Rb8 30. Rae1 Ne5 31. f4 Bf8 32. Rc7 Ng6 33. Bxf5 Nxf4 34. Re4
Nxg2 35. Rh7+ Kg8 36. g6 Bc8 37. Bxc8 Rxc8 38. Kxg2 a5 39. Rd7 d5 40. Re6 {
Nezhmetdinov,R-Borisenko,G Kiev 1954 1-0}) 11. Bg5 c6 (11... Bb7 $1 12. Bxf6
Bxf6 13. Nd5 {K}) (11... h6 12. Bxf6 Bxf6 13. Nd5 $10 {P}) 12. Ne2 h6 13. Bd2
Nxb3 14. axb3 c5 15. Ng3 Bf8 16. c4 $1 {P} b4 $2 {
K/ ?? P} (16... Rb8 $1 $10 {P}) 17. Nh2 $1 {P} Nh7 18. Ng4 Ra7 19. f4 (19. Rf1 ) 19... exf4 20. Bxf4 Nf6 (20... Qh4 21. Nf5 $1 {P}) 21. Nh2 Nd7
22. Qd2 Ne5 23. Rf1 Kh7 24. Rf2 g6 25. Raf1 Bg7 26. Kh1 (26. Bxe5 Bxe5 27.
Rxf7+ Rxf7 28. Rxf7+ Kg8 29. Rf3 Qg5 $1 $44 {K/P}) 26... Ree7 27. Be3 $1 {
/\ d4 P} Qh8 28. Rf4 $1 {P} Kg8 29. Rh4 h5 30. Bg5 Reb7 31. Rhf4 Nc6 32. Bf6 $1
Qh6 33. Bxg7 Kxg7 34. Nf3 Kh8 35. h4 (35. Rxf7 Qxd2 36. Rf8+ {K} Kg7 37. Nxd2
Be6 {P}) (35. d4 $1 g5 $2 36. Rh4 {K}) 35... Bg4 36. Ng5 Qg7 37. Rf6 Rd7 38.
Qf2 Kg8 39. Qf4 Ne5 (39... Rac7 $1 40. Rxd6 Qe5 $1 $44 {P} (40... Qe5 41. Rxg6+
$145 $18)) 40. Qd2 Nc6 {adjourned} 41. R1f2 $1 {P} (41. e5 $5 {P} Nxe5 42. d4 {
K} cxd4 43. Qxd4 Rac7 $1 44. N3e4 (44. N5e4 Be6 $13) 44... Bf5 45. c5 Ng4 46.
cxd6 Rc8 $1 $13) 41... Rac7 42. Kg1 a5 43. Nf1 $1 {/\ Ne3-d5 P} Bf5 $6 44.
R6xf5 gxf5 45. exf5 Ne5 46. Ne3 Rc8 (46... f6 47. Ne6 Qg3 48. Nd5 {K}) 47. f6
Qh6 (47... Qg6 48. Rf5 $1 {P}) 48. Nf5 $2 {K/P} (48. Rf5 $18 {P} Re8 49. Ne4
Ng6 50. Rg5 Re5 51. Nf5 $18 {K}) 48... Qg6 49. Ne7+ Rxe7 50. fxe7 Re8 51. Ne4
$2 {K} (51. d4 $142 {K}) 51... Ng4 52. Rf3 Rxe7 53. Qf4 Re6 54. Rf1 Ne5 $1 {
/\ Nd3 K} 55. Nxd6 $2 {P} Nxd3 56. Qxf7+ Qxf7 57. Nxf7 Nxb2 58. Nd8 (58. Ng5
Re3 59. Rf3 (59. Ra1 a4 60. bxa4 Ra3 $1) 59... Rxf3 60. gxf3 a4 61. bxa4 Nxa4
$19 {P} 62. Ne4 b3 63. Nd2 b2 64. Nb1 Nb6 65. Kf2 Nxc4 66. Ke2 Kf7 67. Kd3 Ne5+
68. Kc2 Nxf3 $19 {K}) 58... Rb6 $1 {P} 59. Rf5 Nd3 60. Rd5 Nc1 61. Rxc5 Nxb3
62. Rb5 (62. Rc6 {K}) (62. Rg5+ Kf8 63. c5 Nxc5 $1 64. Rxc5 b3 $18 {P}) (62.
Rc8 Kg7 $19 {P}) 62... Rxb5 63. cxb5 Nc5 (63... Nc5 64. Nc6 b3 65. Ne7+ Kf7 66.
Nd5 a4 $19 {P}) 0-1

[Event "Metz op 31th"]
[Site "Metz"]
[Date "2013.04.21"]
[Round "3"]
[White "Philippe, Christophe"]
[Black "Nisipeanu, Liviu Dieter"]
[Result "0-1"]
[ECO "C90"]
[WhiteElo "2384"]
[BlackElo "2677"]
[Annotator "Metz Alekhine/Primel,D"]
[PlyCount "134"]
[EventDate "2013.04.20"]
[EventType "swiss"]
[EventRounds "9"]
[EventCountry "FRA"]
[SourceTitle "EXT 2016"]
[Source "ChessBase"]
[SourceDate "2015.10.08"]
[SourceVersion "1"]
[SourceVersionDate "2015.10.08"]
[SourceQuality "1"]
[TimeControl "40/5400:1800+30"]
[WhiteClock "1:30:00"]
[BlackClock "1:30:00"]

1. e4 e5 2. Nf3 Nc6 3. Bb5 a6 4. Ba4 Nf6 5. d3 {La mode actuelle} b5 6. Bb3 Be7
7. O-O d6 8. c3 O-O 9. Re1 Na5 10. Bc2 c5 11. Nbd2 Re8 (11... Nc6) 12. Nf1 h6
13. Ng3 Bf8 14. d4 cxd4 15. cxd4 Nc6 (15... Qc7 16. h3 Nc6 17. Be3) 16. h3 Nxd4
(16... exd4 {La grande ligne} 17. Nxd4 Nxd4 18. Qxd4 $14 {Nisipeanu,L (2600)
-Graf,A (2585) Groningen op 1997 (7) 0-1}) 17. Nxd4 exd4 18. Qxd4 Be6 19. Be3 (
19. Bd2 Rc8 20. Bb3 Bxb3 21. axb3 Rc6 22. Bc3 Re6 23. Rad1 Qe8 24. Qd3 g6 25.
Bxf6 Rxf6 26. Ne2 Bg7 27. Nc3 Re6 28. Re2 Bxc3 29. bxc3 Qc8 30. Re3 Rc5 31. f4
d5 32. exd5 Rxd5 33. Qxd5 Rxe3 34. Qd8+ Qxd8 35. Rxd8+ Kg7 36. Rc8 Re4 37. Ra8
Re6 38. c4 bxc4 39. bxc4 Rc6 40. g3 h5 41. Kf2 h4 42. Ra7 hxg3+ 43. Kxg3 Kf6
44. Kg4 Ke6 45. h4 f6 46. c5 f5+ 47. Kg5 Kd5 48. Rg7 a5 {Vachier Lagrave,M 
(2710)-Karjakin,S (2763) Beijing 2011 1-0 (70)}) 19... Rc8 20. Bb3 $6 (20. Qd2
$142 Nd7 21. Rac1 Ne5 {Smirin,I (2666)-Grischuk,A (2581) New York op 2000 (9)
1-0}) 20... Bxb3 $146 (20... Rc6 21. Rac1 Rxc1 22. Rxc1 Bxb3 23. axb3 Qe7 24.
Re1 Qe6 25. Bd2 Qxb3 26. Bxh6 d5 27. Bg5 Nxe4 28. Re3 Qc4 29. Qxc4 bxc4 30.
Nxe4 Rxe4 31. Rxe4 dxe4 32. Be3 f5 33. Kf1 Kf7 34. Ke2 Ke6 35. Kd2 Bb4+ 36. Kc2
Kd5 37. f3 Bd6 38. Bd2 g6 39. Bg5 Be5 40. Bd2 Bd4 41. Be1 exf3 42. gxf3 Kc5 43.
Bd2 Kd5 44. Bh6 a5 45. Bd2 a4 46. Bh6 Bf6 47. Bf8 Kd4 48. Bh6 c3 49. bxc3+ Kc4
50. Bd2 {Degenhardt,N-Von Spreckelsen,A Hamburg 1963 0-1 (67)}) 21. axb3 d5 $1
22. Rxa6 Bc5 $36 23. Qd2 Bxe3 (23... Nxe4 24. Nxe4 dxe4) 24. Rxe3 dxe4 {
Le GMI s'est débarassé du P isolé} 25. Qxd8 Rcxd8 26. Nf5 Re6 $5 27. Rxe6
Rd1+ 28. Kh2 fxe6 29. Ng3 Rd4 30. Rc3 $6 Rd2 $1 31. Rc5 Rxf2
32. Rxb5 Rxb2 $17 {[%csl Gb2,Rb5] Non seulement les Bblancs ont perdu un P
mais la Rb2 est active contrairement à la Rb5 mal placée devant le P} 33. Re5
Kf7 34. Nxe4 Nxe4 35. Rxe4 Rxb3 {Le Pe6 est isolé mais il est aussi passé et
les Blancs vont souffrir pour annuler} 36. Kg1 Rb5 37. Kf2 Kf6 38. Ra4 h5 39.
Ra8 (39. Kf3 Rb3+ 40. Kf4 Rb2 41. g4 (41. Kf3)) 39... h4 40. Rf8+ Kg5 {[%csl
Rf2,Rg2,Rg3,Gg5,Gh4] Les Noirs ont progressé avec un K actif et
l'affaiblissement de la case "g3"} 41. Re8 Kf5 42. Rg8 g5 43. Kf3 Rb3+ $1 44.
Kf2 e5 $40 45. Rf8+ Ke4 46. Rg8 Rb2+ 47. Kg1 {[%csl Rg1] Avec
un K aussi mal placé, les Blancs sont quasiment perdant} Kf4 48. Rf8+ Ke3 49.
Rf3+ Ke4 50. Rf8 Rc2 51. Kf1 Kd4 52. Rf5 e4 53. Rxg5 Kd3 54. Rd5+ Ke3 55. Rd1
Rf2+ 56. Kg1 Rd2 57. Re1+ Kd3 58. Kf1 e3 $19 59. Ra1 Rf2+ 60. Ke1 Rxg2 61. Ra3+
Ke4 62. Ra8 Rb2 63. Rf8 Ra2 64. Rf7 Rh2 65. Re7+ Kf3 66. Rf7+ Kg2 67. Rg7+ Kxh3
0-1